Cogmind - Beta 15 @@@ ROGUE MODE // 2025.08.29 @ 21:38:30 Player: honbee Result: Destroyed by G-34 Mercenary with Small Laser Performance ------------- Evolutions (0) 0 Regions Visited (1) 200 Robots Destroyed (8) 40 Value Destroyed (199) 199 Prototype IDs (0) 0 Alien Tech Used (0) 0 Bonus (0) 0 TOTAL SCORE: 439 Bonus ------- None Cogmind --------- Core Integrity 0/250 Matter 263/300 Energy 100/100 System Corruption 0% Temperature Cool (6) Movement Treading (320) Ox2 Location -10/Materials Parts ------- > --- POWER (1) -------- (None) > --- PROPULSION (2) --- Light Treads > --- UTILITY (2) ------ High-capacity Storage Unit Utility Shielding > --- WEAPON (2) ------- Small Laser Light Assault Rifle > --- INVENTORY (20) --- Aluminum Leg Aluminum Leg High-capacity Storage Unit Peak State ------------ > --- POWER ------------ Light Ion Engine > --- PROPULSION ------- Wheel Wheel > --- UTILITY ---------- High-capacity Storage Unit Terrain Scanner > --- WEAPON ----------- Assault Rifle Assault Rifle > --- INVENTORY -------- Light Ion Engine Light Treads Light Treads Aluminum Leg Aluminum Leg High-capacity Storage Unit Utility Shielding EM Pulse Gun Light Assault Rifle Welding Torch [Rating: 8] Favorites ----------- Power Light Ion Engine Engine Light Ion Engine Propulsion Wheel Treads Light Treads Wheel Wheel Utility High-capacity Storage Unit Device Terrain Scanner Storage High-capacity Storage Unit Protection Utility Shielding Weapon Assault Rifle Energy Gun Small Laser Ballistic Gun Assault Rifle Special Weapon Welding Torch Build | -11 -10 ------- Run | Yrd Mat Slots Evolved . | . . Power . | . . Propulsion . | . . Utility . | . . Weapon . | . . Parts Attached 17 | 6 11 Power 2 | 1 1 Engine 2 | 1 1 Core . | . . Reactor . | . . Propulsion 4 | 2 2 Treads 2 | . 2 Leg . | . . Wheel 2 | 2 . Hover . | . . Flight . | . . Utility 4 | 1 3 Device 1 | . 1 Storage 2 | 1 1 Processor . | . . Hackware . | . . Protection 1 | . 1 Artifact . | . . Weapon 7 | 2 5 Energy Gun 2 | . 2 Energy Cannon . | . . Ballistic Gun 4 | 2 2 Ballistic Cannon . | . . Launcher . | . . Special Weapon 1 | . 1 Impact Weapon . | . . Slashing Weapon . | . . Piercing Weapon . | . . Special Melee Weapon . | . . Unidentified Prototypes . | . . Parts Lost 11 | . 11 Power 2 | . 2 Propulsion 3 | . 3 Utility 1 | . 1 Weapon 5 | . 5 Highest Loss Streak 11 | . 11 To Critical Strikes 2 | . 2 Average Backups 6 | 2 7 Power . | . . Propulsion 3 | 2 3 Utility 1 | . 1 Weapon . | . . Tool/Special . | . . Unused Backups 3 | . 3 Power . | . . Propulsion 2 | . 2 Utility 1 | . 1 Weapon . | . . Tool/Special . | . . Average Slot Usage (%) 92 | . 92 Engine 10 | . 10 Treads 6 | . 6 Wheel 21 | . 21 Device 10 | . 10 Storage 14 | . 14 Protection 1 | . 1 Energy Gun 1 | . 1 Ballistic Gun 22 | . 22 Special Weapon 1 | . 1 Peak Build Rating 8 | 6 8 Average Rating 6 | 4 6 On Entrance 3 | . 6 Naked Turns . | . . Heaviest Build 48 | 12 48 Greatest Support 40 | 20 40 Greatest Overweight (x) 2 | . 2 Average Overweight (x) 1 | . 1 Largest Inventory Capacity 20 | 8 20 Average Capacity 17 | 6 19 Most Carried 10 | 6 10 Average Carried 6 | 3 7 Final Capacity 20 | 8 20 Final Carried 6 | 6 3 Class Distribution -------------------- 100% | Mutant Dominant Class ---------------- Mutant | -10/Materials Resources | -11 -10 ----------- Run | Yrd Mat Matter Collected 426 | 248 178 Remotely . | . . Salvage Created 251 | . 251 Parts 15 | . 15 Haulers Intercepted . | . . Recyclers Shooed 2 | . 2 Parts Field Recycled . | . . Retrieved Matter . | . . Parts Self-Destructed . | . . Prevented . | . . Kills | -11 -10 ------- Run | Yrd Mat Combat Hostiles Destroyed 6 | . 6 Guns 6 | . 6 Classes Destroyed 4 | . 4 Worker 1 | . 1 Builder 1 | . 1 Swarmer 1 | . 1 Grunt 5 | . 5 Best Kill Streak 2 | . 2 Combat Bots Only 2 | . 2 Max Kills in Single Turn 1 | . 1 Gunslinging . | . . Exploded . | . . Melee . | . . Uniques/NPCs Destroyed . | . . Combat | -11 -10 -------- Run | Yrd Mat Hostile Shots Fired 165 | . 165 Missed 51 | . 51 Hits 114 | . 114 Projectile 114 | . 114 Critical Strikes 2 | . 2 Damage Taken 1234 | . 1234 Core 251 | . 251 Absorbed by Shields . | . . Redirected to Shielding 8 | . 8 Core Remaining (%) 100 | 100 . Volleys Fired 47 | . 47 Largest 2 | . 2 Hottest 60 | . 60 Shots Fired 78 | . 78 Gun 71 | . 71 Cannon . | . . Launcher . | . . Special 7 | . 7 Kinetic 66 | . 66 Thermal 8 | . 8 Explosive . | . . Electromagnetic 4 | . 4 Robot Hit Streak 6 | . 6 Robot Miss Streak 4 | . 4 Penetration Max . | . . Secondary Targets 2 | . 2 Max Gunslinging Chain 1 | . 1 Shots Hit Robots 44 | . 44 Core Hits 20 | . 20 Critical Kills . | . . Critical Parts Destroyed . | . . Critical Strikes . | . . Melee Attacks . | . . Impact . | . . Slashing . | . . Piercing . | . . Sneak Attacks . | . . Combat Hostiles . | . . Follow-up Attacks . | . . Damage Inflicted 514 | . 514 Guns 479 | . 479 Cannons . | . . Explosions . | . . Melee . | . . Ramming 25 | . 25 Kinetic 439 | . 439 Thermal 20 | . 20 Explosive . | . . Electromagnetic 30 | . 30 Impact . | . . Slashing . | . . Piercing . | . . Highest Corruption . | . . Average Corruption . | . . Corruption Purged . | . . Corruption Blocked . | . . Overload Shots . | . . Overflow Damage . | . . Projectiles . | . . Explosions . | . . Melee . | . . Knockbacks . | . . Impact . | . . Kinetic . | . . Secondary . | . . Self-Inflicted Damage 11 | . 11 Shots . | . . Rammed 5 | . 5 Targets Rammed 5 | . 5 Kicked . | . . Crushed . | . . Highest Temperature 38 | . 38 Average Temperature 7 | . 7 Received Heat Transfer 462 | . 462 Siege Activations . | . . Martial Activations . | . . Shielding Activations . | . . Robots Disrupted . | . . Combat Hostiles . | . . Robots Corrupted . | . . Combat Hostiles . | . . Parts Fried . | . . Impact Corruptions . | . . Robots Melted . | . . Combat Hostiles . | . . Parts Melted . | . . Heat Transferred 100 | . 100 Parts Sabotaged . | . . Parts Stolen . | . . Parts Stripped . | . . Power Chain Reactions . | . . Alert | -11 -10 ------- Run | Yrd Mat Maximum Alert Level . | . . Low Security (%) 100 | 100 100 Level 1 . | . . Level 2 . | . . Level 3 . | . . Level 4 . | . . Level 5 . | . . High Security . | . . Max Security . | . . Peak Influence 50 | . 50 Initial . | . . Average 9 | . 10 Influence Increases 177 | . 177 Destroy 0b10 Robot/C 120 | . 120 Destroy 0b10 Robot/NC 10 | . 10 Destroy Leader 40 | . 40 Successful Hack 7 | . 7 Influence Decreases 177 | . 177 Time Decay 117 | . 117 Lost Part 60 | . 60 Squads Dispatched 2 | . 2 Investigation 1 | . 1 Extermination . | . . Reinforcement 1 | . 1 Assault . | . . Garrison . | . . Intercept . | . . Searches Triggered . | . . Construction Impeded . | . . Haulers Reinforced . | . . Active Scanning Responses . | . . Cargo Convoy Interrupts . | . . Stealth | -11 -10 --------- Run | Yrd Mat Distress Signals 1 | . 1 Communications Jammed . | . . Distress Signals . | . . Times Spotted 20 | . 20 Peak Tracking Total 9 | . 9 Tactical Retreats . | . . Traps | -11 -10 ------- Run | Yrd Mat Traps Triggered . | . . Indirectly . | . . Trap Hack Attempts . | . . Triggered . | . . Disarmed . | . . Reprogrammed . | . . Reused . | . . Traps Extracted . | . . Installed . | . . Triggered . | . . Machines | -11 -10 ---------- Run | Yrd Mat Machines Disabled . | . . Max in Single Turn . | . . Machines Repaired . | . . Machines Dismantled . | . . Machines Sabotaged . | . . Overloaded Fab Kills . | . . Hacking | -11 -10 --------- Run | Yrd Mat Machines Accessed 1 | . 1 Terminals 1 | . 1 Fabricators . | . . Repair Stations . | . . Recycling Units . | . . Scanalyzers . | . . Garrison Access . | . . Total Hacks 4 | . 4 Successful 2 | . 2 Failed 2 | . 2 Catastrophic . | . . Database Lockouts . | . . Manual . | . . Terminals 4 | . 4 Fabricators . | . . Repair Stations . | . . Recycling Units . | . . Scanalyzers . | . . Garrison Access . | . . Terminal Hacks 2 | . 2 Registered Components 1 | . 1 Zone Layout 1 | . 1 Fabricator Hacks . | . . Repair Station Hacks . | . . Recycling Unit Hacks . | . . Scanalyzer . | . . Garrison Access Hacks . | . . Unauthorized Hacks . | . . Terminals . | . . Fabricators . | . . Repair Stations . | . . Recycling Units . | . . Scanalyzers . | . . Garrison Access . | . . Data Cores Recovered . | . . Used . | . . Hacking Detections 1 | . 1 Full Trace Events . | . . Feedback Events . | . . Feedback Blocked . | . . Robot Schematics Acquired . | . . Robots Built . | . . Authchips . | . . Time . | . . Total Robot Build Rating . | . . Part Schematics Acquired . | . . Parts Built . | . . Authchips . | . . Time . | . . Total Part Build Rating . | . . Parts Repaired . | . . Time . | . . Parts Recycled . | . . Recycled Matter . | . . Retrieved Matter . | . . Retrieved Components . | . . Parts Scanalyzed . | . . Part Schematics Acquired . | . . Parts Damaged . | . . Bothacking | -11 -10 ------------ Run | Yrd Mat Used RIF Installer . | . . Robots Hacked . | . . Non-combat . | . . Combat . | . . Robot Hacks Applied . | . . Relay Couplers Released . | . . Fabnet Peak Effective % . | . . Robots Rewired . | . . Allies Hacked . | . . Hacks Repelled . | . . Allies | -11 -10 -------- Run | Yrd Mat Total Allies . | . . Largest Group . | . . Highest-Rated Group . | . . Highest-Rated Ally . | . . Total Orders . | . . Ally Attacks . | . . Total Damage . | . . Kills . | . . Allies Corrupted . | . . Allies Melted . | . . Intel | -11 -10 ------- Run | Yrd Mat Active Infowar (turns) 296 | . 296 Terrain 296 | . 296 Robot Analysis Total . | . . Derelict Logs Recovered . | . . Drone Launches . | . . Drone Recoveries . | . . Exploration | -11 -10 ------------- Run | Yrd Mat Turns Passed 436 | 72 364 Spaces Moved 240 | 74 166 Core 6 | 6 . Treads 16 | . 16 Legs . | . . Wheels 218 | 68 150 Hover . | . . Flight . | . . Fastest Speed 50 | 50 80 Average Speed 108 | 77 122 Slowest Speed 320 | 80 320 Overloaded Moves . | . . Propulsion Burnouts . | . . Robots Hopped . | . . Potential Cave-ins . | . . Cave-ins Triggered . | . . Exploration Rate (%) 12 | 4 20 Regions Visited 1 Branch Regions . Pre-discovered Areas . | . . Known Exits Taken . | . . Unknown Exits Taken 1 | 1 . Scrap Searched . | . . Spaces Dug . | . . Terrain Destroyed . | . . Melee . | . . Projectile . | . . AOE . | . . Terrain Rammed . | . . Walls Destroyed . | . . Machines Disabled . | . . Actions | -11 -10 --------- Run | Yrd Mat Total 335 | 85 250 Wait 14 | . 14 Move 239 | 73 166 Hop . | . . Pick Up 11 | 6 5 Fast Attach 9 | 6 3 Attach 8 | . 8 Detach . | . . Swap 1 | . 1 Drop 1 | . 1 Fire 47 | . 47 Melee . | . . Ram 4 | . 4 Kick . | . . Crush 1 | . 1 Escape Stasis . | . . Rewire . | . . Trap . | . . Miscellaneous . | . . Route ------- -11/Scrapyard -10/Materials History --------- Turn | Location | Event 13 | -11/Scrapyard | Discovered new exit (range 15) 73 | -11/Scrapyard | Entered Materials 311 | -10/Materials | Build established: Mutant 354 | -10/Materials | Core integrity fell below 50% 411 | -10/Materials | Core integrity fell below 20% 437 | -10/Materials | Destroyed by G-34 Mercenary with Small Laser Last Messages --------------- Lgt. Assault Rifle destroyed. K-01 Serf collects debris. K-01 Serf cleans the Terminal. K-01 Serf collects debris. Acquired 14 matter. K-01 Serf collects debris. Welding Torch destroyed. K-01 Serf collects debris. Slammed into K-01 Serf. Acquired Sml. Laser. K-01 Serf collects debris. Acquired Lgt. Assault Rifle. K-01 Serf collects debris. G-34 Mercenary destroyed. K-01 Serf collects debris. Acquired 12 matter. Acquired 44 matter. K-01 Serf collects debris. Lgt. Treads destroyed. K-01 Serf collects debris. Map ----- +----------------------------------------------------+ | | | | | | | | | | | | | | | | | | | | | | | | | ???????????????????????????????????????????? | | ???????????????????????????????????????????? | | ???????????????????????????????????????????? | | ???????????????????????????????????????????? | | ??????????????#????????????????????????????? | | ??????????????????????? ?? ????????????????? | | ?????????????????????????????????? ????????? | | ?????????????????#???#??? ?????????????????? | | ?????????????????????# """ #### """ #??? | | ?????????????????????# """ # # """ #??? | | ???????????#????#?#??# """ # # #??? | | ??????????################+## ##+#######??? | | ?????????? ## ## ###????? | | ?????????? ## T ## @ ""#????? | | ?????????? " ## ## != T"#????? | | ?????????# T ## ## ""#????? | | ?????????? " ## ## #####??? | | ??????? ?? ## ## k """ # ??? | | ?????# ???########| ##gg [ """ + ""??? | | ?????# ###########+## """ # ""??? | | ?????# [%! *= =* # ""??? | | ?????# =* =% = # ??? | | ?????# % =%%[ # ""??? | | ?????# %* ####"T"###o + ""??? | | ?????# #??#"""### # ""??? | | ??? ##### # # ??? | | ? #???# # # ""??? | | ? """ #+###### # # ""??? | | ?### """ # ## # # ""??? | | ???# """ # ## # ###### ??? | | ???# # ## # ##??######??# | | ???# # ## # #???????????? | | ???# ################## # #???????????? | | ????? ???#??# ## # #???##?#????? | | ??????????#??# #### ## #?#?????????? | | ??????????#??# # #???????????? | | ??????????#??# + #????#?????#? | | ??????????#??# # #????#??????? | +----------------------------------------------------+ Best States ------------- Heat Dissipation 25 Energy Generation 10 Energy Capacity 125 Matter Stores 297 Matter Capacity 300 Sight Range 16 Terrain Scan Range 14 Terrain Scan Density 10 Utility Shielding 33 Evasion (%) 44 Recoil Reduction 2 Item Schematics ----------------- None Robot Schematics ------------------ None Fabricated ------------ Nothing Repaired ---------- Nothing Alien Tech Used ----------------- None Achievements -------------- None Challenges ------------ None Game ------ Seed PlasmaMolecularBox Manual? 0 Play Time 00:11:17 Cumulative 10.5 hours Start 2025.08.29 @ 21:28:42 End 2025.08.29 @ 21:38:30 Sessions 1 Manual Loads 0 Difficulty Rogue Special Mode None Game No. 13 Rogue 13 Adventurer 0 Explorer 0 Win Type - Total 0 Types 0/0/0/0/0/0/0/0/0/0 Lore% 4 Gallery% 14 Achievement% 16 Wizard Run 0 Options --------- Layout 0 ASCII 0 Keyboard 0 Movement Mouse Keybinds 0 Fullscreen 1 Font 24/Crisp Map View 38x25 Zoom Use 100% Tactical HUD 0 Map Filters NONE Filters NONE Steam 1 RUN: 1d87b23e-77d7-488a-8df0-5a4580da2ec0